 Dungeon Sprint DCSS version 0.15-a0-1729-g99b9770 (webtiles) character file.

765 BluebellGnoll the Bludgeoner (level 7, -3/67 HPs)
             Began as an Ogre Fire Elementalist on June 27, 2014.
             Was a High Priest of Jiyva.
             Killed from afar by a tengu conjurer (28 damage)
             ... with a bolt of magma
             ... in the Dungeon (Sprint IX: "|||||||||||||||||||||||||||||").
             The game lasted 00:07:37 (450 turns).

BluebellGnoll the Bludgeoner (OgFE)                  Turns: 450, Time: 00:07:37

HP  -3/67        AC  3     Str 17      XL: 7   Next: 81%
MP   4/18        EV 10     Int 16      God: Jiyva [*****.]
Gold 0           SH  0     Dex 13      Spells:  3 memorised, 10 levels left

rFire  . . .     SeeInvis .     p - +2 morningstar (crush)
rCold  . . .     Clarity  .     a - +0 robe
rNeg   . . .     rCorr    +     (shield restricted)
rPois  .         rRot     .     (helmet restricted)
rElec  .         Spirit   .     (no cloak)
SustAb .         Warding  .     (gloves unavailable)
rMut   .         NoTele   +     (boots unavailable)
Gourm  .                        (no amulet)
MR     .....                    q - +3 ring of dexterity
                                f - +3 ring of strength

@: not resistant to hostile enchantments, unstealthy
A: unfitting armour, tough skin 1
a: Request Jelly, Jelly Paralyse, Slimify, Cure Bad Mutation, Renounce Religion


You were in the Dungeon.
You worshipped Jiyva.
Jiyva was extremely pleased with you.
You were not hungry.

You visited 1 branch

Inventory:

Hand weapons
 h - a +1 shortbow of flaming
 p - a +2 morningstar of crushing (weapon)
Missiles
 j - 13 arrows
Armour
 a - a +0 robe (worn)
Magical devices
 n - a wand of cold (7)
Comestibles
 c - a meat ration
Scrolls
 i - 2 scrolls of blinking
 l - 2 scrolls of remove curse
 m - 2 scrolls of amnesia
Jewellery
 f - a +3 ring of strength (left hand)
 q - a +3 ring of dexterity (right hand)
Potions
 d - 5 potions of curing
 e - 3 potions of heal wounds
 g - 4 potions of magic
 k - a potion of invisibility
Books
 b - a book of Flames

   Spells                             Type                      Level
   *Flame Tongue                      Conjuration/Fire             1
   *Throw Flame                       Conjuration/Fire             2
   *Conjure Flame                     Conjuration/Fire             3
   Inner Flame                        Hexes/Fire                   3
   Sticky Flame                       Conjuration/Fire             4
   Fireball                           Conjuration/Fire             5
Magical staves
 o - an uncursed staff of energy


   Skills:
 * Level 3.2 Fighting
 - Level 15.3 Maces & Flails
 - Level 1.7 Dodging
 - Level 1.5 Stealth
 - Level 5.0 Spellcasting
 - Level 0.6 Conjurations
 + Level 7.8 Fire Magic


You had 10 spell levels left.
You knew the following spells:

 Your Spells              Type           Power        Failure   Level  Hunger
a - Flame Tongue          Conj/Fire      ###..        3%          1    None
b - Throw Flame           Conj/Fire      ###...       6%          2    #......
c - Conjure Flame         Conj/Fire      ###.....     12%         3    ###....


Dungeon Overview and Level Annotations

Branches:
Dungeon (1/1)

Altars:
Cheibriados
Dithmenos
Elyvilon
Fedhas
Gozag
Kikubaaqudgha
Makhleb
Nemelex Xobeh
Okawaru
Qazlal
Sif Muna
Trog
Vehumet
Xom
Yredelemnul
Zin
The Shining One
Beogh
Jiyva
Lugonu


Innate Abilities, Weirdness & Mutations

You are too large for most types of armour.
You have tough skin (AC +1).


Message History

The tengu conjurer is moderately wounded.
The tengu conjurer hits you but does no damage.
The tengu conjurer barely misses you. The tengu conjurer closely misses you.
You sock the tengu conjurer!
The tengu conjurer is severely wounded.
You miss the tengu conjurer.
The tengu conjurer is severely wounded.
The tengu conjurer casts a spell at you.
The puff of flame hits you!
You hit the tengu conjurer.
The tengu conjurer is almost dead.
The tengu conjurer closely misses you. The tengu conjurer pecks you.
The tengu conjurer claws you but does no damage.
You closely miss the tengu conjurer.
The tengu conjurer is almost dead.
You closely miss the tengu conjurer.
The tengu conjurer is almost dead.
The tengu conjurer points at you and mumbles some strange words.
The bolt of magma hits you!
You die...

▓+▓
▓.▓
▓.▓
▓*▓
▓.▓
▓Y▓
▓Q▓
▓@▓
▓J▓
▓J▓
▓.▓
▓.▓
▓J▓
▓.▓
▓'▓
▓.▓


You could see a tengu conjurer, a sky beast, a neutral azure jelly (fellow
slime) and 2 neutral jellies (fellow slime).

Vanquished Creatures
  A hill giant (D)
  A centaur (D)
  A big kobold (D)
  A crimson imp (D)
  2 hounds (D)
  A hound zombie (D)
  An adder (D)
  A shadow imp (D)
  A giant mite (D)
  2 hobgoblins (D)
  A jackal (D)
  2 kobolds (D)
  A bat (D)
  A giant gecko zombie (D)
  A giant newt (D)
  A goblin zombie (D)
  A hobgoblin zombie (D)
  A kobold skeleton (D)
  A kobold zombie (D)
22 creatures vanquished.

Notes
Turn   | Place    | Note
--------------------------------------------------------------
     0 | D        | BluebellGnoll, the Ogre Fire Elementalist, began the quest for the Orb.
     0 | D        | Reached XP level 1. HP: 16/16 MP: 3/3
     7 | D        | Reached skill level 3 in Spellcasting
    21 | D        | Reached skill level 5 in Spellcasting
    21 | D        | Reached XP level 2. HP: 22/24 MP: 0/9
   144 | D        | Learned a level 2 spell: Throw Flame
   144 | D        | Noticed a centaur
   144 | D        | Noticed a crimson imp
   155 | D        | Killed a crimson imp
   155 | D        | Reached XP level 3. HP: 24/31 MP: 8/11
   161 | D        | Killed a centaur
   161 | D        | Reached skill level 7 in Fire Magic
   161 | D        | Reached XP level 4. HP: 31/39 MP: 10/13
   161 | D        | Reached XP level 5. HP: 35/45 MP: 11/15
   176 | D        | Found a glowing silver altar of Zin.
   176 | D        | Found a glowing golden altar of the Shining One.
   176 | D        | Found an ancient bone altar of Kikubaaqudgha.
   176 | D        | Found a basalt altar of Yredelemnul.
   176 | D        | Found a shimmering altar of Xom.
   176 | D        | Found a radiant altar of Vehumet.
   176 | D        | Found an iron altar of Okawaru.
   177 | D        | Found a burning altar of Makhleb.
   178 | D        | Found a deep blue altar of Sif Muna.
   179 | D        | Found a bloodstained altar of Trog.
   180 | D        | Found a sparkling altar of Nemelex Xobeh.
   181 | D        | Found a white marble altar of Elyvilon.
   182 | D        | Found a roughly hewn altar of Beogh.
   183 | D        | Found a viscous altar of Jiyva.
   184 | D        | Found a corrupted altar of Lugonu.
   185 | D        | Found a blossoming altar of Fedhas.
   186 | D        | Found a snail-covered altar of Cheibriados.
   187 | D        | Found a shadowy altar of Dithmenos.
   188 | D        | Found a stormy altar of Qazlal.
   189 | D        | Found an opulent altar of Gozag.
   238 | D        | Became a worshipper of Jiyva Jaesim the Shapeless
   252 | D        | Acquired Jiyva's first power
   252 | D        | Acquired Jiyva's second power
   252 | D        | Gained mutation: Your spells are a little easier to cast, but a little less powerful. [Jiyva's grace]
   252 | D        | Acquired Jiyva's third power
   253 | D        | Lost mutation: Your spells are a little easier to cast, but a little less powerful. [Jiyva's grace]
   255 | D        | Acquired Jiyva's fourth power
   259 | D        | Learned a level 3 spell: Conjure Flame
   261 | D        | Noticed a hound
   261 | D        | Noticed a hill giant
   275 | D        | Killed a hill giant
   275 | D        | Reached skill level 14 in Maces & Flails
   275 | D        | Reached XP level 6. HP: 21/53 MP: 3/17
   275 | D        | Reached XP level 7. HP: 23/59 MP: 3/18
   276 | D        | Killed a hound
   276 | D        | Reached skill level 15 in Maces & Flails
   427 | D        | Noticed a sky beast
   427 | D        | Noticed a tengu conjurer
   427 | D        | Noticed a big kobold
   427 | D        | Noticed a hound
   427 | D        | Noticed a hill giant
   429 | D        | Noticed an azure jelly
   429 | D        | a hill giant changed into an azure jelly
   437 | D        | Killed a hound
   437 | D        | Reached skill level 1 in Fighting
   443 | D        | Killed a big kobold
   450 | D        | Killed from afar by a tengu conjurer

Action                   |  1- 3 |  4- 6 |  7- 9 || total
-------------------------+-------+-------+-------++-------
Melee: Unarmed           |    30 |       |       ||    30
       Short sword       |    14 |     5 |       ||    19
       Morningstar       |       |     3 |    15 ||    18
 Cast: Flame Tongue      |     5 |     9 |    13 ||    27
       Conjure Flame     |       |     1 |       ||     1
Invok: Slimify           |       |       |     1 ||     1
  Use: Potion            |     2 |       |       ||     2
       Scroll            |       |       |     1 ||     1
